AoeStats
← krikoO

Fortress

509682162Analyzed
3v3 RM · 5d ago on Sep 27, 2026· 42m 56s· 6 players
Game mode
Random Map
Map size
Large (8 player)
Population
200
Speed
Normal
Resources
Standard
Victory
Conquest
Starting age
Dark Age
Ending age
Imperial Age
RankedLock teamsTeams togetherTeam positionsShared explorationLock speedFull tech treeHidden civsTurbo modeCheats
Victory
Defeat
🇺🇸 Dravidians · United States
1122
+14
🇺🇸 Jurchens · United States
1107
+15
🇺🇸 Armenians · United States
1106
+15
🇹🇷 Lithuanians · Türkiye
1104
-15
🇭🇰 Poles · Hong Kong SAR China
1089
-15
🇹🇷 Ethiopians · Türkiye
1071
-14
GuForD
8:03 Feudal Age
12:54 Castle Age
10:54 Double-Bit Axe
10:54 Horse Collar
11:53 Gold Mining
15:36 Bow Saw
15:58 Loom
18:43 Heavy Plow
22:58 Wheelbarrow
26:30 Imperial Age
24:41 Scale Mail Armor
24:48 Scale Barding Armor
24:54 Forging
25:29 Husbandry
25:40 Bloodlines
25:55 Hand Cart
27:37 Conscription
26:41 Cavalier
28:00 Chain Barding Armor
28:16 Iron Casting
28:43 Paladin
30:20 Crop Rotation
30:10 Light Cavalry
35:44 Winged Hussar
41:14 Chemistry
40:20 Capped Ram
krikoO
6:24 Feudal Age
7:17 Loom
15:06 Castle Age
13:13 Double-Bit Axe
13:28 Horse Collar
14:46 Fletching
16:57 Crossbowman
24:13 Thumb Ring
27:58 Imperial Age
25:28 Elite Skirmisher
28:15 Bodkin Arrow
28:21 Padded Archer Armor
28:34 Bow Saw
28:27 Heavy Plow
28:31 Arbalester
30:28 Leather Archer Armor
30:55 Halberdier
乐事
7:17 Feudal Age
10:47 Double-Bit Axe
13:20 Castle Age
11:13 Double-Bit Axe
11:50 Horse Collar
15:01 Bow Saw
15:23 Fervor
15:45 Loom
16:37 Wheelbarrow
16:53 Heavy Plow
23:58 Imperial Age
22:33 Hand Cart
23:12 Scale Barding Armor
22:58 Fletching
23:16 Scale Barding Armor
23:59 Bloodlines
23:50 Husbandry
24:10 Forging
23:56 Light Cavalry
25:25 Lechitic Legacy
25:21 Gold Mining
26:23 Conscription
27:25 Chain Barding Armor
28:27 Iron Casting
28:10 Winged Hussar
32:56 Crop Rotation
33:32 Blast Furnace
34:35 Bodkin Arrow
36:15 Fortified Wall
36:18 Bracer
39:08 Onager
40:53 Chemistry
40:15 Ballistics
Shirls
7:05 Feudal Age
12:40 Castle Age
10:56 Double-Bit Axe
11:13 Horse Collar
15:42 Bow Saw
18:34 Stone Mining
20:36 Wheelbarrow
22:32 Town Watch
22:33 Loom
23:04 Hand Cart
22:55 Gold Mining
23:18 Scale Barding Armor
24:01 Heavy Plow
24:33 Forging
26:47 Iron Casting
29:48 Imperial Age
29:55 Chain Barding Armor
31:35 Plate Barding Armor
30:29 Elite Iron Pagoda
33:01 Blast Furnace
33:40 Conscription
34:38 Pikeman
35:19 Squires
37:04 Bloodlines
36:55 Husbandry
38:44 Gold Shaft Mining
38:53 Light Cavalry
Dudezilla
7:30 Feudal Age
11:35 Castle Age
10:03 Horse Collar
10:28 Double-Bit Axe
10:37 Gold Mining
12:57 Bow Saw
13:23 Stone Mining
18:44 Fortified Wall
21:21 Gold Shaft Mining
24:36 Imperial Age
23:04 Wheelbarrow
22:53 Heavy Plow
24:08 Fletching
24:48 Masonry
25:25 Ballistics
25:03 Bodkin Arrow
25:53 Bracer
26:56 Conscription
27:01 Padded Archer Armor
28:06 Chemistry
29:00 Leather Archer Armor
28:59 Elite Composite Bowman
30:19 Ring Archer Armor
Scogs
1:28 Loom
7:49 Feudal Age
11:55 Castle Age
10:02 Horse Collar
10:18 Double-Bit Axe
13:44 Bow Saw
23:32 Imperial Age
20:59 Town Watch
21:53 Fletching
22:03 Padded Archer Armor
22:35 Heavy Plow
24:29 Wheelbarrow
24:10 Elite Skirmisher
26:00 Bodkin Arrow
26:21 Leather Archer Armor
27:45 Bracer
32:11 Ring Archer Armor
31:44 Squires
34:24 Elite Elephant Archer
35:37 Town Patrol
39:30 Ballistics
40:20 Chemistry
Connection lost

Rejoining the realm…

Still unreachable

The connection could not be restored.

Session expired

The server has moved on; the page needs a fresh start.